 Dungeon Crawl Stone Soup version 0.27.1-34-g3ba077fa99 (webtiles) character file.

Game seed: 15554976608711904210

72 Descartes the Grasshopper (level 4, -1/34 HPs)
             Began as a Formicid Warper on Jan 25, 2022.
             Slain by Terence (6 damage)
             ... on level 3 of the Dungeon.
             The game lasted 00:03:16 (3636 turns).

Descartes the Grasshopper (Formicid Warper)         Turns: 3636, Time: 00:03:17

Health: -1/34      AC:  9    Str: 17    XL:     4   Next: 50%
Magic:  7/7        EV: 11    Int: 12    God:
Gold:   87         SH:  0    Dex: 10    Spells: 7/7 levels left

rFire    + . .     SeeInvis +   a - +0 mace
rCold    + . .     Faith    .   (no shield)
rNeg     . . .     Spirit   .   h - +0 chain mail
rPois    +         Reflect  .   (helmet unavailable)
rElec    +         Harm     .   (no cloak)
rCorr    +         Rampage  .   (no gloves)
Will     .....                  n - +0 pair of boots
Stlth    ..........             (no amulet)
HPRegen  0.11/turn              i - ring of resist corrosion
MPRegen  0.10/turn              m - +4 ring of evasion

@: resistant
A: permanent stasis, dig shafts and tunnels, antennae 3, four strong arms
a: Dig, Shaft Self


You were on level 3 of the Dungeon.
You visited 1 branch of the dungeon, and saw 3 of its levels.

You collected 87 gold pieces.

Inventory:

Hand Weapons
 a - a +0 mace (weapon)
Missiles
 c - 5 boomerangs of dispersal (quivered)
 e - 108 stones
Armour
 h - a +0 chain mail (worn)
 n - a +0 pair of boots (worn)
Jewellery
 i - a ring of resist corrosion (left hand)
 m - a +4 ring of evasion (right hand)
Scrolls
 d - 2 scrolls of fear {unknown}
 g - 2 scrolls of identify {unknown}
 j - a scroll of enchant weapon {unknown}
 k - a scroll of teleportation {unknown}
 l - a scroll of blinking {unknown}
 o - a scroll of noise {unknown}
 p - a scroll of acquirement {unknown}


   Skills:
 + Level 2.9 Fighting
 + Level 2.6 Maces & Flails
 + Level 1.0 Throwing
 + Level 2.3 Armour
 + Level 2.1 Dodging
 + Level 2.3 Spellcasting
 + Level 3.1 Translocations


You had 7 spell levels left.
You didn't know any spells.
Your spell library contained the following spells:

 Spells                   Type           Power      Damage    Failure   Level
 Gell's Gravitas          Tloc           4%         N/A       98%         3
 Lesser Beckoning         Tloc           4%         N/A       98%         3
 Teleport Other           Tloc           8%         N/A       98%         3
 Manifold Assault         Tloc           8%         N/A       100%        5
 Blink                    Tloc           Unusable   N/A       N/A         2

Dungeon Overview and Level Annotations

Branches:
Dungeon (3/15)

Altars:
Dithmenos

Annotations:
D:3 Terence


Innate Abilities, Weirdness & Mutations

You cannot be hasted, slowed, berserked, paralysed or teleported.
You can dig through walls and to a lower floor.
You have a pair of large antennae on your head. (SInv)
Your four strong arms can wield two-handed weapons with a shield.


Message History

You feel protected.
You're too confused to move!
Terence hits you from afar with a +0 trident.
You bump into the rock wall.
You feel less invigorated.
You feel less confused. Terence closely misses you.
Terence asks, "Do you want it fast or slow?"
Terence closely misses you.
You hit Terence but do no damage. Terence completely misses you.
Terence hits you with a +0 trident!
You completely miss Terence. Terence hits you with a +0 trident.
You hit Terence but do no damage. Terence closely misses you.
You barely miss Terence. Terence closely misses you.
You hit Terence.
Terence is moderately wounded.
Terence closely misses you. Terence hits you with a +0 trident.
You thump Terence!
Terence is severely wounded.
Terence hits you with a +0 trident.
You hit Terence.
Terence is severely wounded.
Terence barely misses you.
You closely miss Terence.
Terence is severely wounded.
Terence hits you but does no damage.
You hit Terence but do no damage.
Terence is severely wounded.
Terence hits you with a +0 trident. Terence closely misses you.
You barely miss Terence.
Terence is severely wounded.
Terence hits you with a +0 trident!
* * * LOW HITPOINT WARNING * * *
You hit Terence.
Terence is almost dead.
Terence hits you with a +0 trident.
* * * LOW HITPOINT WARNING * * *
You barely miss Terence.
Terence is almost dead.
Terence hits you with a +0 trident.
You die...

....#......####..#..#
.l.......>#####..#..#
#####l......@....#.##
#.#.#.######.######
#@#...# #........#
#.#...# #.#.####.#
#<#...# #.#.# #.#
###...# #)#@# #.#
#...# #.#@# #.#
#...####.#.# #.#
#........#.####.#
#...######....#.#
#..........##.#.#
##..######.##.#.#
#....# #.#..#.#
#....# #.#.##.# ###
#....####.#)##.#


You could see Terence.

Vanquished Creatures
  Robin (D:2)
  An adder (D:2)
  A dart slug (D:1)
  3 ball pythons
  3 bats (D:2)
  3 endoplasms
  A giant cockroach (D:1)
  13 goblins
  4 hobgoblins
  2 jackals (D:2)
  7 kobolds
  5 frilled lizards (D:1)
  3 rats
  A spectral hobgoblin (D:2)
48 creatures vanquished.

Notes
Turn   | Place    | Note
-------+----------+-------------------------------------------
     0 | D:1      | Descartes the Formicid Warper began the quest for the Orb.
     0 | D:1      | Reached XP level 1. HP: 16/16 MP: 3/3
   287 | D:1      | Reached XP level 2. HP: 12/23 MP: 5/5
   472 | D:1      | Reached skill level 3 in Translocations
  1150 | D:1      | Reached XP level 3. HP: 28/28 MP: 6/6
  1844 | D:2      | Found a faded altar of an unknown god.
  2174 | D:2      | Reached XP level 4. HP: 24/34 MP: 7/7
  2679 | D:2      | Noticed Robin
  2715 | D:2      | Killed Robin
  3172 | D:3      | Noticed Terence
  3544 | D:3      | Found a shadowy altar of Dithmenos.
  3636 | D:3      | Slain by Terence

Illustrated notes

Levels and vault maps discovered:
D:1:      saegor_arrival_under_anarchy, layout_loops_corners,
          minmay_misc_feat_four_crosses, grunt_decor_cap,
          hangedman_abyss_or_decor_stabs
D:2:      layout_basic, dreamdust_ecumenical_altar_drowned_temple, uniq_robin
D:3:      layout_basic, lemuel_doored_altar, minmay_misc_feat_enclosed,
          minmay_box_of_dots, uniq_terence

Skill      XL: |  1  2  3 |
---------------+----------+-----
Translocations | 3 |  3.1
Dodging        | 2 |  2.1
Armour         | 2 |  2.3
Fighting       | |  2.9
Maces & Flails | |  2.6
Throwing       | |  1.0
Spellcasting   | |  2.3

Action                   |  1- 3 |  4- 6 || total
-------------------------+-------+-------++-------
Melee: Mace              |   132 |    77 ||   209
 Abil: Dig               |       |     1 ||     1
  Use: Potion            |       |     2 ||     2
Armor: Leather armour    |    19 |       ||    19
       Chain mail        |    40 |    25 ||    65
Dodge: Dodged            |    70 |    49 ||   119
